 Dungeon Crawl Stone Soup version 0.15-a0-2293-g46567fe (webtiles) character file.

900 Herrn the Skirmisher (level 8, 42/42 HPs)
             Began as a Vine Stalker Fighter on July 30, 2014.
             Quit the game on Level 5 of the Dungeon.
             The game lasted 00:13:20 (4609 turns).

Herrn the Skirmisher (Vine Stalker Fighter)         Turns: 4609, Time: 00:13:21

HP  42/42        AC  7     Str 15      XL: 8   Next:  7%
MP  18/18        EV 11     Int 11      God:
Gold 338         SH 10     Dex 21      Spells:  0 memorised, 13 levels left

rFire  . . .     SeeInvis .     a - +0 long sword
rCold  . . .     Clarity  .     b - +0 scale mail
rNeg   + . .     rCorr    .     c - +0 shield
rPois  .         rRot     +     (no helmet)
rElec  .         Spirit   +     (no cloak)
SustAb .         Warding  +     (no gloves)
rMut   .         Stasis   .     (no boots)
Gourm  .                        s - amulet of warding
MR     +....                    r - +3 ring of intelligence
                                e - ring of flight

@: agile, exhausted, very slightly contaminated, hasted and slowed, somewhat
resistant to hostile enchantments, unstealthy
A: fangs 3, camouflage 1, deterioration 1, regeneration 2, weak 2, magic shield,
antimagic bite, no device heal 3, rot immunity
a: Evoke Flight


You were on level 5 of the Dungeon.
You were very hungry.

You visited 2 branches of the dungeon, and saw 6 of its levels.
You also visited: Sewer.

You collected 338 gold pieces.

Inventory:

Hand weapons
 a - a +0 long sword (weapon)
Armour
 b - a +0 scale mail (worn)
 c - a +0 shield (worn)
Magical devices
 h - a wand of lightning (6)
Comestibles
 d - 5 bread rations
 i - 2 meat rations
 u - a chunk of hobgoblin flesh
Scrolls
 g - 2 scrolls of enchant armour
 n - 2 scrolls of recharging {unknown}
 t - a scroll of fog
 v - a scroll of teleportation {unknown}
Jewellery
 e - a ring of flight (left hand)
 k - an uncursed amulet of resist mutation
 p - an uncursed amulet of faith
 r - a +3 ring of intelligence (right hand)
 s - an amulet of warding (around neck)
Potions
 j - a potion of curing
 m - a potion of agility


   Skills:
 * Level 4.4 Fighting
 + Level 3.7 Long Blades
 + Level 4.1 Armour
 + Level 1.9 Dodging
 + Level 4.2 Shields
 * Level 3.3 Spellcasting


You had 13 spell levels left.
You didn't know any spells.

Dungeon Overview and Level Annotations

Branches:
Dungeon (5/15)             Temple (1/1) D:4

Altars:
Ashenzari
Dithmenos
Elyvilon
Gozag
Kikubaaqudgha
Makhleb
Nemelex Xobeh
Okawaru
Qazlal
Sif Muna
Vehumet
Xom
Yredelemnul
Zin
The Shining One
Jiyva


Innate Abilities, Weirdness & Mutations

You have razor-sharp teeth.
You heal very quickly.
When hurt, damage is shared between your health and your magic reserves.
Your bite disrupts and absorbs the magic of your enemies.
Potions and wands cannot restore your health.
You are immune to rotting.
Your skin changes colour to match your surroundings (Stealth).
Your body is slowly deteriorating.
You are very weak. (Str -4)


Message History

You block the gnoll's attack.
You slash the gnoll!
You kill the gnoll!
There is an open door, spattered with blood here.
Things that are here:
a spear; a gnoll corpse Drink which item? (? for menu, Esc to quit)
You are confused.
It was a potion of confusion.
Drink which item? (? for menu, Esc to quit)
You feel agile all of a sudden.
It was a potion of agility.
You start waiting.
You feel less confused.
A rat comes into view.
A rat is nearby!
Unknown command.
A rat is nearby!
A rat is nearby!
Are you sure you want to abandon this character and quit the game? (Confirm with "yes".)

######## #......# ####
#......##### #...
#......#@..###########...
#...>).))..........%.....
#....)%#....#########.#..
#......#.##...........#.#
#.r#(#....###########....
#. #.#.###%......##.#....
gg #.#.#).[.####....#....
+# #.#.##)....###.#####..
#.#.#....#.# #... ....


You could see a rat (wandering).

Vanquished Creatures
  The ghost of Herrn the Skirmisher, an average VSFi (D:3)
  An ice beast (D:5)
  Sigmund (D:3)
  2 giant frogs (Sewer)
  A gnoll shaman (D:5)
  A jelly (D:4)
  A hound (D:5)
  Natasha (thrice) (D:3)
  Jessica (D:2)
  4 green rats (D:3)
  13 gnolls
  5 adders
  3 giant mites
  2 worms
  4 giant geckos
  4 oozes
  9 bats
  15 giant cockroaches
  12 goblins
  6 hobgoblins
  8 jackals
  8 kobolds
  2 quokkas (D:2)
  6 ball pythons
  5 giant newts
  A hobgoblin skeleton (D:3)
  2 kobold skeletons (D:4)
  19 rats
  2 plants (D:3)
142 creatures vanquished.

Notes
Turn   | Place    | Note
--------------------------------------------------------------
     0 | D:1      | Herrn, the Vine Stalker Fighter, began the quest for the Orb.
     0 | D:1      | Reached XP level 1. HP: 11/11 MP: 1/1
   122 | D:1      | Reached XP level 2. HP: 4/16 MP: 3/3
   368 | D:1      | Reached skill level 3 in Fighting
   481 | D:1      | Reached XP level 3. HP: 20/20 MP: 4/4
  1026 | D:2      | Reached skill level 1 in Spellcasting
  1072 | D:2      | Reached XP level 4. HP: 24/24 MP: 6/6
  1163 | D:2      | Found a burning altar of Makhleb.
  1271 | D:2      | Found a glowing silver altar of Zin.
  1807 | D:2      | Found a stormy altar of Qazlal.
  2016 | D:2      | Noticed Jessica
  2028 | D:2      | Killed Jessica
  2028 | D:2      | Reached XP level 5. HP: 25/28 MP: 9/9
  2116 | D:3      | Noticed Herrn's ghost (average VSFi)
  2118 | D:3      | Noticed Natasha
  2125 | D:3      | Killed Natasha
  2127 | D:3      | Killed Herrn's ghost
  2127 | D:3      | Reached skill level 1 in Dodging
  2127 | D:3      | Gained mutation: You heal very quickly. [vine stalker growth]
  2127 | D:3      | Reached XP level 6. HP: 15/33 MP: 9/12
  2162 | D:3      | Found a deep blue altar of Sif Muna.
  2190 | D:3      | Noticed Natasha
  2198 | D:3      | Killed Natasha
  2230 | D:3      | Noticed Natasha
  2238 | D:3      | Killed Natasha
  2530 | D:3      | Noticed Sigmund
  2543 | D:3      | Killed Sigmund
  2559 | D:3      | Found an ancient bone altar of Kikubaaqudgha.
  2755 | D:3      | Found a shimmering altar of Xom.
  2755 | D:3      | Found a glowing golden altar of the Shining One.
  3093 | D:4      | Found a glowing drain.
  3138 | Sewer    | Entered a sewer
  3155 | Sewer    | Reached XP level 7. HP: 33/37 MP: 12/14
  3242 | Sewer    | Reached skill level 4 in Fighting
  3720 | D:4      | Found a viscous altar of Jiyva.
  3803 | D:4      | Found a staircase to the Ecumenical Temple.
  3810 | Temple   | Entered the Ecumenical Temple
  4255 | D:4      | Found an opulent altar of Gozag.
  4471 | D:5      | Entered Level 5 of the Dungeon
  4582 | D:5      | Gained mutation: You are weak. (Str -2) [potion of mutation]
  4582 | D:5      | Gained mutation: Your skin changes colour to match your surroundings (Stealth). [potion of mutation]
  4582 | D:5      | Lost mutation: You are weak. (Str -2) [potion of mutation]
  4583 | D:5      | Gained mutation: Your body is slowly deteriorating. [potion of mutation]
  4583 | D:5      | Gained mutation: You are weak. (Str -2) [potion of mutation]
  4583 | D:5      | Gained mutation: You are very weak. (Str -4) [potion of mutation]
  4589 | D:5      | Gained mutation: You have razor-sharp teeth. [vine stalker growth]
  4589 | D:5      | Reached XP level 8. HP: 42/42 MP: 18/18
  4609 | D:5      | Quit the game

Action                   |  1- 3 |  4- 6 |  7- 9 || total
-------------------------+-------+-------+-------++-------
Melee: Long sword        |   120 |   180 |   152 ||   452
Evoke: Wand              |       |       |     1 ||     1
  Use: Potion            |       |     1 |     7 ||     8
       Scroll            |       |     4 |       ||     4
  Eat: Chunk             |       |     6 |     5 ||    11
       Beef jerky        |       |     1 |       ||     1
